 Dungeon Crawl Stone Soup version 0.25.0-15-gac7dcb8919 (webtiles) character file.

Game seed: 10708821809521052770

403 protoss039 the Magician (level 6, -2/32 HPs)
             Began as a Deep Elf Earth Elementalist on June 29, 2020.
             Slain by Pikel
             ... wielding a +1 whip of flaming
              (3 damage)
             ... on level 5 of the Dungeon.
             The game lasted 00:09:20 (5011 turns).

protoss039 the Magician (DEEE)                      Turns: 5011, Time: 00:09:20

Health: -2/32      AC:  3    Str:  5    XL:     6   Next: 55%
Magic:  5/18       EV: 13    Int: 22    God:
Gold:   155        SH:  0    Dex: 15    Spells: 13/19 levels left

rFire    . . .     SeeInvis .   m - +0 short sword
rCold    . . .     Gourm    .   (no shield)
rNeg     . . .     Faith    .   c - +1 robe
rPois    .         Spirit   .   (no helmet)
rElec    .         Reflect  .   (no cloak)
rCorr    .         Harm     .   (no gloves)
MR       .....                  (no boots)
Stlth    ++........             (no amulet)
HPRegen  0.10/turn              (no ring)
MPRegen  0.16/turn              (no ring)

@: very slightly contaminated
A: no striking features
a: no special abilities


You were on level 5 of the Dungeon.
You were not hungry.

You visited 1 branch of the dungeon, and saw 5 of its levels.

You collected 155 gold pieces.

Inventory:

Hand Weapons
 m - a +0 short sword (weapon)
Missiles
 b - 85 stones (quivered)
Armour
 c - a +1 robe (worn)
Jewellery
 i - an uncursed ring of positive energy
 n - an uncursed amulet of the acrobat {unknown}
 v - an uncursed ring of poison resistance {unknown}
Scrolls
 a - 2 scrolls of remove curse
 h - 4 scrolls of immolation
 s - 3 scrolls of teleportation
 u - a scroll of amnesia
 w - a scroll of enchant armour
Potions
 f - a potion of degeneration {unknown}
 g - 2 potions of flight
 j - 3 potions of brilliance
 k - 2 potions of stabbing
 l - 3 potions of heal wounds
 o - 2 potions of magic
 p - a potion of resistance {unknown}
 q - 2 potions of curing {unknown}
 r - a potion of mutation {unknown}
Comestibles
 d - 8 rations
 t - 3 chunks of flesh


   Skills:
 - Level 2.4 Dodging
 - Level 2.4 Stealth
 * Level 7.0 Spellcasting
 + Level 0.4 Conjurations
 + Level 1.1 Transmutations
 * Level 6.1 Earth Magic


You had 13 spell levels left.
You knew the following spells:

 Your Spells              Type           Power        Failure   Level  Hunger
a - Sandblast             Erth           ####..       1%          1    None
b - Passwall              Tmut/Erth      ###.....     2%          2    None
c - Stone Arrow           Conj/Erth      ###...       6%          3    None

Your spell library contained the following spells:

 Spells                   Type           Power        Failure   Level  Hunger
 Petrify                  Tmut/Erth      ###.....     19%         4    ###....
 Lee's Rapid Deconstruct  Erth           ####......   19%         5    #####..


Dungeon Overview and Level Annotations

Branches:
Dungeon (5/15)
 Temple: D:4-7

Altars:

Annotations:
D:5 Pikel


Message History

Pikel hits you with a +1 whip of flaming.
Pikel burns you.
Unknown command.
Casting: Stone Arrow (dangerous; 6% risk of failure)
Confirm with . or Enter, or press ? or * to list all spells.
Aiming: Sandblast (safe; 1% risk of failure)
Press: ? - help, Shift-Dir - straight line, f - Pikel, p - slave
Aim: Pikel, wielding a +1 whip of flaming and wearing a +0 robe (moderately wounded, fast)
The blast of sand hits Pikel!
Pikel is severely wounded.
b - 85 stones The slave shouts!
Pikel hits you with a +1 whip of flaming.
* * * LOW HITPOINT WARNING * * *
Pikel burns you.
* * * LOW HITPOINT WARNING * * *
Pikel hits you with a +1 whip of flaming.
* * * LOW HITPOINT WARNING * * *
Pikel burns you.
You die...

#.......######.#.#
..... #.........##
#.#.# ##....#
#.......#..###.#.#
#.....#
##########.....#.#
##......
####..#)####..##
####..........##
#....#.####.#..###
#.####.###..##...#
#@# #..#..#####.#
#K# ##...## #..
#p# ##...## ###
#p# #.....#
#p####.###.#
#.##...# .# ..
#p...### .#
...##..### ..
.........###
....###


You could see Pikel (fast) and 4 slaves.

Vanquished Creatures
  A hound (D:4)
  4 orc priests
  An orc wizard (D:4)
  2 worker ants
  9 adders
  A worm (D:4)
  A dart slug (D:4)
  3 leopard geckos
  11 orcs
  A ball python (D:2)
  4 giant cockroaches
  5 goblins
  6 hobgoblins
  9 jackals
  2 quokkas
  11 bats
  6 frilled lizards
  6 kobolds
  11 rats
94 creatures vanquished.

Notes
Turn   | Place    | Note
-------+----------+-------------------------------------------
     0 | D:1      | protoss039 the Deep Elf Earth Elementalist began the quest
                  | for the Orb.
     0 | D:1      | Reached XP level 1. HP: 10/10 MP: 6/6
   390 | D:1      | Reached XP level 2. HP: 15/15 MP: 5/8
  1514 | D:2      | Reached XP level 3. HP: 13/19 MP: 7/10
  1765 | D:2      | Reached skill level 4 in Spellcasting
  2667 | D:3      | Reached XP level 4. HP: 24/24 MP: 4/12
  2760 | D:3      | Reached skill level 5 in Spellcasting
  2982 | D:3      | Reached skill level 5 in Earth Magic
  3174 | D:3      | Reached XP level 5. HP: 16/28 MP: 12/14
  3662 | D:4      | Learned a level 2 spell: Passwall
  3671 | D:4      | Learned a level 3 spell: Stone Arrow
  3724 | D:4      | Reached skill level 6 in Spellcasting
  4143 | D:4      | Reached XP level 6. HP: 22/32 MP: 3/17
  4619 | D:5      | Entered Level 5 of the Dungeon
  4738 | D:5      | Noticed a slave
  4741 | D:5      | Noticed Pikel
  4741 | D:5      | Noticed a slave
  4916 | D:5      | Reached skill level 7 in Spellcasting
  4999 | D:5      | Noticed a slave
  4999 | D:5      | Noticed a slave
  5011 | D:5      | HP: 1/32 [Pikel/+1 whip of flaming (6)]
  5011 | D:5      | Slain by Pikel

Illustrated notes

Levels and vault maps discovered:
D:1:      ncdulo_halloftheorcs, layout_basic
D:2:      layout_basic, minmay_rat_gold_closets
D:3:      layout_rooms
D:4:      layout_loops_ring, first_ration, kennysheep_crisscross
D:5:      layout_rooms, okawaru_trees_1, uniq_pikel

Skill      XL: |  1  2  3  4  5  6 |
---------------+-------------------+-----
Earth Magic    | 4 5 6 |  6.1
Spellcasting   | 4 5 6 7 |  7.0
Dodging        | |  2.4
Stealth        | |  2.4
Conjurations   | |  0.4
Transmutations | |  1.1

Action                   |  1- 3 |  4- 6 || total
-------------------------+-------+-------++-------
Melee: Unarmed           |    27 |       ||    27
       Short sword       |    44 |    53 ||    97
 Cast: Sandblast         |    60 |    52 ||   112
       Stone Arrow       |       |    24 ||    24
  Use: Scroll            |     4 |     7 ||    11
 Stab: Sleeping          |     2 |       ||     2
  Eat: Chunk             |     5 |     8 ||    13
Armor: Robe              |    30 |    38 ||    68
Dodge: Dodged            |    98 |    74 ||   172
